 Dungeon Crawl Stone Soup version 0.29.1-13-g9f3cf754e1 (webtiles) character file.

Game seed: 5014340791898620613

785 theswoord the Chiller (level 7, -1/87 HPs)
             Began as a Naga Ice Elementalist on Feb 1, 2023.
             Was a Believer of Cheibriados.
             Slain by a mummy (6 damage)
             ... in an ossuary.
             The game lasted 00:15:35 (6986 turns).

theswoord the Chiller (Naga Ice Elementalist)       Turns: 6986, Time: 00:15:36

Health: -1/87      AC: 23    Str: 14    XL:     7   Next: 86%
Magic:  15/15      EV:  1    Int: 21    God:    Cheibriados [**....]
Gold:   166        SH:  0    Dex: 16    Spells: 6/17 levels left

rFire   . . .      SeeInvis +   c - +0 quarterstaff
rCold   . . .      Faith    .   (shield currently unavailable)
rNeg    . . .      Spirit   .   (body armour currently unavailable)
rPois   +          Reflect  .   (helmet currently unavailable)
rElec   .          Harm     .   (cloak currently unavailable)
rCorr   .          Rampage  .   (gloves currently unavailable)
Will    .....      Clarity  +   (no barding)
Stlth   ++........ NoTele   +   (no amulet)
HPRegen 0.24/turn               (no ring)
MPRegen 0.14/turn               (no ring)

@: brilliant, tree-form, very slow
A: stationary, stasis, torment immunity, boosted hp, AC +2, large, see
invisible, (deformed body), (poison resistance), (slowness 2), spit poison 1,
(naga tail 1), (iridescent scales 1), clarity
a: Spit Poison, Renounce Religion, Bend Time


You were in an ossuary.
You worshipped Cheibriados.
Cheibriados was pleased with you.
You were a tree.
You visited 2 branches of the dungeon, and saw 6 of its levels.
You also visited: Ossuary.

You collected 166 gold pieces.

Inventory:

Hand Weapons
 c - a +0 quarterstaff (weapon)
 d - a +1 short sword
Armour
 a - a +0 robe
 q - the +0 ring mail of Complete Protection (melded) {Str+4}
   (You found it on level 4 of the Dungeon)

   Str:       It affects your strength (+4).
 r - a +1 cloak (melded)
Wands
 e - a wand of acid (11)
 o - a wand of charming (15)
Scrolls
 j - a scroll of magic mapping
 k - 2 scrolls of vulnerability
 p - a scroll of identify
 t - a scroll of poison
Potions
 b - 3 potions of magic
 g - 2 potions of curing
 l - a potion of haste
 m - a potion of flight {unknown}
 n - 3 potions of attraction {unknown}


   Skills:
 + Level 1.7 Fighting
 - Level 1.5 Dodging
 - Level 3.0 Stealth
 + Level 5.6 Spellcasting
 + Level 7.0 Ice Magic


You had 6 spell levels left.
You knew the following spells:

 Your Spells              Type           Power      Damage    Failure   Level
a - Freeze                Ice            100%       1d11      1%          1
b - Frozen Ramparts       Ice            100%       1d16      1%          3
c - Ozocubu's Armour      Ice            52%        N/A       1%          3
d - Hailstorm             Conj/Ice       31%        3d8       24%         4

Your spell library contained the following spells:

 Spells                   Type           Power      Damage    Failure   Level
 Beastly Appendage        Tmut           16%        N/A       11%         1
 Sublimation of Blood     Necr           8%         N/A       16%         2
 Wereblood                Tmut           8%         N/A       16%         2
 Call Canine Familiar     Summ           8%         N/A       30%         3
 Portal Projectile        Hex/Tloc       16%        N/A       30%         3
 Spider Form              Tmut/Pois      8%         N/A       30%         3
 Leda's Liquefaction      Hex/Erth       4%         N/A       71%         4
 Summon Hydra             Summ           4%         N/A       100%        7


Dungeon Overview and Level Annotations

Branches:
Dungeon (5/15)             Temple (1/1) D:4         Ossuary (1/1)

Altars:
Ashenzari
Cheibriados
Dithmenos
Elyvilon
Fedhas
Makhleb
Nemelex Xobeh
Okawaru
Qazlal
Ru
Sif Muna
Trog
Uskayaw
Wu Jian
Xom
Yredelemnul
Zin

Shops:
D:2 =   D:3 (

Annotations:
Ossuary Menkaure


Innate Abilities, Weirdness & Mutations

You are a tree.
Your roots penetrate the ground, keeping you stationary.
You cannot be teleported.
You are immune to unholy pain and torment.
Your maximum health is greatly increased.
Your equipment is partially melded.
((Your serpentine skin is tough. (AC +2)))
You have supernaturally acute eyesight. (SInv)
((Armour fits poorly on your strangely shaped body.))
((Your system is resistant to poisons. (rPois)))
((You cover ground very slowly.))
You can spit poison.
((You have a snake-like lower body.))
((You are partially covered in iridescent scales. (AC +2)))
You possess an exceptional clarity of mind.


Message History

The mummy is severely damaged.
The mummy hits you but does no damage. x2; The mummy completely misses you.
You hit the mummy.
The mummy is almost destroyed.
The mummy hits you!
You hit the mummy.
You destroy the mummy!
The mummy hits you but does no damage.
You hit Menkaure.
Menkaure is moderately damaged.
Menkaure hits you but does no damage. The mummy hits you. The mummy hits you!
Menkaure hits you.
You hit Menkaure but do no damage.
Menkaure is moderately damaged.
Menkaure hits you but does no damage.
The mummy hits you but does no damage. x2
You hit Menkaure.
Menkaure is heavily damaged.
Menkaure hits you.
* * * LOW HITPOINT WARNING * * *
Menkaure hits you.
* * * LOW HITPOINT WARNING * * *
The mummy hits you but does no damage. x2
It was a potion of brilliance.
You feel clever all of a sudden. Menkaure hits you!
* * * LOW HITPOINT WARNING * * *
Unknown command.
You feel much better. Menkaure hits you but does no damage.
The mummy hits you but does no damage. The mummy hits you!
* * * LOW HITPOINT WARNING * * *
You hit Menkaure.
Menkaure is severely damaged.
Menkaure hits you.
* * * LOW HITPOINT WARNING * * *
Menkaure hits you!
* * * LOW HITPOINT WARNING * * *
The mummy hits you!
* * * LOW HITPOINT WARNING * * *
The mummy hits you.
You die...

........................
........................
.###'###'###'###'###+###
.#...#...#...#...#
.#.#########'#'####
.#.#....#....#....#
.###....#....#....#
.'.#....#....#....#
.#.'....#....#.M♣M#
.#.#############M##
.###....# ... .'.#....#
....# .#.'....# /!...#
.#.#....# !$!?..#
.######## ?$∩$?..#
.'.#....# .?!$?!..#
.#.'....#


You could see Menkaure (fast) and 2 mummies.

Vanquished Creatures
  Grinder (D:4)
  A howler monkey (D:4)
  2 hounds (D:4)
  A human zombie (Ossuary)
  3 centaur zombies (Ossuary)
  Jessica (D:3)
  An iguana (D:5)
  3 orc wizards (D:4)
  An ogre zombie (Ossuary)
  3 mummies
  3 gnolls (D:2)
  3 adders
  An adder zombie (Ossuary)
  5 worms
  3 dart slugs
  8 orcs
  8 endoplasms
  5 giant cockroaches
  7 hobgoblins
  3 jackals (D:1)
  10 kobolds
  7 quokkas
  7 ball pythons
  4 bats
  8 goblins
  2 goblin zombies
  2 hobgoblin zombies (Ossuary)
  A kobold zombie (Ossuary)
  2 quokka zombies (Ossuary)
  8 rats
  3 rat zombies (Ossuary)
117 creatures vanquished.

Vanquished Creatures (others)
  2 plants (D:3)
2 creatures vanquished.

Grand Total: 119 creatures vanquished

Notes
Turn   | Place    | Note
-------+----------+-------------------------------------------
     0 | D:1      | theswoord the Naga Ice Elementalist began the quest for the
                  | Orb.
     0 | D:1      | Reached XP level 1. HP: 15/15 MP: 3/3
   231 | D:1      | Reached XP level 2. HP: 17/22 MP: 3/5
  1470 | D:1      | Reached XP level 3. HP: 28/28 MP: 4/6
  1803 | D:2      | Found Joaguimn's Jewellery Shop.
  2094 | D:2      | Learned a level 3 spell: Frozen Ramparts
  2370 | D:2      | Reached XP level 4. HP: 14/36 MP: 1/8
  3091 | D:3      | Found Imechyn's Weapon Shop.
  3118 | D:3      | Reached skill level 5 in Ice Magic
  3649 | D:3      | Reached XP level 5. HP: 35/42 MP: 7/10
  3899 | D:3      | Found an iron altar of Okawaru.
  3924 | D:3      | Found a hide-covered altar of Uskayaw.
  3940 | D:3      | Found a bloodstained altar of Trog.
  4027 | D:3      | Noticed Jessica
  4034 | D:3      | Learned a level 3 spell: Ozocubu's Armour
  4040 | D:3      | Killed Jessica
  4297 | D:3      | Found a burning altar of Makhleb.
  4311 | D:3      | Found a sacrificial altar of Ru.
  5084 | D:4      | Gained mutation: You are partially covered in iridescent
                  | scales. (AC +2) [potion of mutation]
  5084 | D:4      | Gained mutation: You possess an exceptional clarity of
                  | mind. [potion of mutation]
  5091 | D:4      | Found a staircase to the Ecumenical Temple.
  5117 | Temple   | Entered the Ecumenical Temple
  5361 | Temple   | Became a worshipper of Cheibriados the Contemplative
  5406 | D:4      | Noticed Grinder
  5430 | D:4      | Paralysed by Grinder for 5 turns
  5441 | D:4      | Paralysed by Grinder for 3 turns
  5454 | D:4      | Killed Grinder
  5455 | D:4      | Reached skill level 6 in Ice Magic
  5455 | D:4      | Reached XP level 6. HP: 30/49 MP: 5/13
  5851 | D:4      | Reached XP level 7. HP: 55/55 MP: 14/14
  5891 | D:4      | Reached * piety under Cheibriados
  5892 | D:4      | Reached skill level 5 in Spellcasting
  5909 | D:4      | Identified the +0 ring mail of Complete Protection {Str+4}
  6133 | D:4      | Found a shimmering altar of Xom.
  6157 | D:4      | Found a shimmering altar of Xom.
  6447 | D:5      | Entered Level 5 of the Dungeon
  6485 | D:5      | Found a sand-covered staircase.
  6535 | D:5      | Learned a level 4 spell: Hailstorm
  6536 | Ossuary  | Entered an ossuary
  6723 | Ossuary  | Reached skill level 1 in Fighting
  6865 | Ossuary  | Reached ** piety under Cheibriados
  6866 | Ossuary  | Reached skill level 7 in Ice Magic
  6965 | Ossuary  | Noticed Menkaure
  6986 | Ossuary  | Slain by a mummy

Skill      XL: |  1  2  3  4  5  6  7 |
---------------+----------------------+-----
Spellcasting   | 3 4 5 |  5.6
Ice Magic      | 5 6 7 |  7.0
Fighting       | 1 |  1.7
Dodging        | |  1.5
Stealth        | |  3.0

Action                   |  1- 3 |  4- 6 |  7- 9 || total
-------------------------+-------+-------+-------++-------
Melee: Unarmed           |     6 |       |       ||     6
       Short sword       |    42 |    29 |       ||    71
       Quarterstaff      |       |    29 |   103 ||   132
       Punch             |       |     1 |       ||     1
 Cast: Freeze            |    41 |    52 |    12 ||   105
       Frozen Ramparts   |     2 |     6 |     3 ||    11
       Ozocubu's Armour  |       |     1 |       ||     1
 Abil: Spit Poison       |     4 |    10 |     1 ||    15
  Use: Scroll            |     1 |     9 |     2 ||    12
       Potion            |       |     2 |     3 ||     5
 Stab: Sleeping          |     4 |     2 |     4 ||    10
Armor: Robe              |    17 |    19 |     3 ||    39
       Ring mail         |       |       |    58 ||    58
       Skin              |       |       |    14 ||    14
Dodge: Dodged            |    36 |    49 |    50 ||   135

Levels and vault maps discovered:
D:1:      onia_arrival_pentagram, layout_basic
D:2:      layout_rooms, serial_shops, nicolae_shop_competitors_out_of_business,
          dk_vineyard_1
D:3:      minmay_door_path, layout_loops_corners, okawaru_metal_pillars_3,
          nicolae_overflow_quartered_altars, serial_shops, nicolae_square_shop,
          saegor_snake_ambush, uniq_jessica
D:4:      layout_loops_ring, xom_redecorated, temple_pool_b, uniq_grinder
D:5:      layout_basic, tso_oasis_becter, nicolae_ossuary_entry_giza
Temple:   grunt_temple_mini_profane
Ossuary:  ossuary_boxes_badplayer
